 Dungeon Crawl Stone Soup version 0.22-b1-21-g5cfc1688f2 (webtiles) character file.

176728 Pisosu the Executioner (level 17, -1/171 HPs)
             Began as a Minotaur Berserker on Aug 6, 2018.
             Was the Champion of Trog.
             Killed from afar by a hellion (30 damage)
             ... with damnation
             ... on level 2 of the Abyss.
             The game lasted 02:04:30 (29048 turns).

Pisosu the Executioner (Minotaur Berserker)        Turns: 29048, Time: 02:04:30

Health: -1/171     AC: 39    Str: 33    XL:     17   Next: 52%
Magic:  5/5        EV: 13    Int:  4    God:    Trog [******]
Gold:   1578       SH:  0    Dex: 10    Spells: 16/16 levels left

rFire    . . .     SeeInvis .   L - +7 battleaxe (antimagic)
rCold    + . .     Gourm    .   (shield currently unavailable)
rNeg     . . .     Faith    .   e - +5 plate armour {rC+}
rPois    .         Spirit   .   (helmet restricted)
rElec    .         Reflect  .   q - +2 cloak
rCorr    .         Harm     +   E - +2 pair of gloves {archery}
MR       +++..                  a - +2 pair of boots
Stlth    ..........             n - amulet of harm
HPRegen  1.38/turn              i - ring of Cuipao {+Fly EV+3 Str+4}
MPRegen  0.09/turn              N - +5 ring of protection

@: regenerating, hasted (expiring), very quick
A: retaliatory headbutt, horns 2, [blurry vision 3], deterioration 1, screaming
1
a: Berserk, Trog's Hand, Brothers in Arms, Renounce Religion, Evoke Flight


You were on level 2 of the Abyss.
You worshipped Trog.
Trog was exalted by your worship.
You were not hungry.

You visited 5 branches of the dungeon, and saw 22 of its levels.
You visited the Abyss 2 times.
You visited 1 bazaar.

You collected 3147 gold pieces.
You spent 1569 gold pieces at shops.

Inventory:

Hand Weapons
 t - a +2 battleaxe of chopping
 w - a +4 executioner's axe of holy wrath
 J - a +3 battleaxe
 K - a +2 executioner's axe of pain
 L - a +7 antimagic battleaxe (weapon)
 Q - a +4 battleaxe of electrocution
 S - a +2 battleaxe of electrocution
 V - the +7 flail of Radicalism {pain, rF+}
   (You bought it in a shop in a bazaar)

   In the hands of one skilled in necromantic magic, it inflicts extra damage on
   living creatures.
   It protects you from fire.
 W - the +5 war axe of Triumph {holy, Str+6}
   (You bought it in a shop in a bazaar)

   It has been blessed by the Shining One to cause great damage to the undead
   and demons.
   It affects your strength (+6).
 Z - a +2 executioner's axe of chopping
Missiles
 m - 27 tomahawks (quivered)
Armour
 a - a +2 pair of boots (worn)
 e - a +5 plate armour of cold resistance (worn)
 q - a +2 cloak (worn)
 E - a +2 pair of gloves of archery (worn)
 F - a +2 ring mail of fire resistance
 G - a +4 ring mail of positive energy
 M - a +0 chain mail of magic resistance
 Y - +0 acid dragon scales
Jewellery
 i - the ring of Cuipao (left hand) {+Fly EV+3 Str+4}
   (You bought it in a shop on level 2 of the Orcish Mines)

   [ring of evasion]

   It affects your evasion (+3).
   It affects your strength (+4).
   It lets you fly.
 n - an amulet of harm (around neck)
 p - an uncursed amulet of the gourmand
 N - a +5 ring of protection (right hand)
 P - an uncursed ring of protection from magic
Wands
 g - a wand of enslavement (29)
 h - a wand of iceblast (8)
 s - a wand of paralysis (5)
 u - a wand of flame (50)
 y - a wand of digging (19)
 C - a wand of disintegration (20)
 D - a wand of polymorph (26)
 O - a wand of scattershot (7)
 U - a wand of random effects (18)
Scrolls
 f - 5 scrolls of identify
 j - a scroll of enchant armour
 k - 10 scrolls of remove curse
 l - 3 scrolls of magic mapping
 r - 4 scrolls of teleportation
 H - 3 scrolls of immolation
 I - a scroll of holy word
 R - 2 scrolls of blinking
Potions
 b - 2 potions of might
 d - 5 potions of curing
 o - a potion of haste
 v - 3 potions of lignification
 x - a potion of mutation
 z - a potion of flight
 A - a potion of berserk rage
 B - a potion of agility
 T - a potion of ambrosia
Comestibles
 c - 29 rations


   Skills:
 + Level 20.4 Fighting
 + Level 22.9 Axes
 - Level 2.8(15.9) Maces & Flails
 + Level 18.1 Armour
 - Level 2.1 Dodging


You had 16 spell levels left.
You didn't know any spells.
Your spell library was empty.

Dungeon Overview and Level Annotations

Branches:
Dungeon (15/15)            Temple (0/1) D:7            Lair (1/6) D:8
    Orc (2/2) D:10            Elf (3/3) Orc:2        Vaults (0/5) D:14
 Depths (1/5) D:15

Altars:
Fedhas
Qazlal
Sif Muna
Trog
Beogh

Shops:
D:13 :*=   D:15 *%=*   Orc:1 (   Orc:2 =*[(   Elf:2 }==

Portals:
Trove: D:15 (give 5 scrolls of blinking)

Annotations:
D:5 Prince Ribbit
D:14 Josephine


Innate Abilities, Weirdness & Mutations

You reflexively headbutt those who attack you in melee.
You have a pair of horns on your head.
Your body sometimes deteriorates upon taking damage.
You occasionally shout uncontrollably at your foes.
[Scrolls take you much longer to read.]


Message History

You hold your ground!
The thrashing horror tramples you.
* * * LOW HITPOINT WARNING * * *
You hold your ground!
The thrashing horror misses you.
You slice the thrashing horror!!
You destroy the thrashing horror!
Trog accepts your kill.
A tentacled starspawn comes into view.
A wretched star comes into view.
A hellion comes into view.
Your extra speed is starting to run out.
The hellion gives a hideous shriek!
The wretched star glows turbulently.
The orb of energy hits you! The hellion gestures at you.
The sphere of damnation explodes!
The damnation engulfs you!
* * * LOW HITPOINT WARNING * * *
You hear a bark!
The hellion gestures at you.
The sphere of damnation explodes!
The damnation engulfs you!
You die...

##.#..#..#.#.#......#
.....#.##.##... ..#.#
....... #..#...#.##.
.###..*.###.X.##.. #
.. .. .....
..####.#.#.# .
#.......#####.# ..##
.....#*##.#..# .##
..#. #.......#.....
##.###@..#
#............
##.2##....#.# ....#
#...# ....#.. ..#.#
###. #.2 #.. # # ##.
##. ##


You could see a wretched star and a hellion.

Vanquished Creatures
  An ancient lich (Abyss:2)
  2 deep elf blademasters
  A sphinx (Elf:3)
  A tentacled starspawn (Abyss:2)
  A deep elf master archer (Elf:3)
  A revenant (Abyss:2)
  An orc warlord (Orc:2)
  The ghost of Icoamn the Bludgeoner, a journeyman MiBe of Trog (Elf:2)
  A deep elf elementalist (Elf:3)
  2 stone giants (Orc:1)
  3 deep elf demonologists
  3 deep elf annihilators
  A spark wasp (shapeshifter) (D:13)
  5 deep elf death magi
  A blizzard demon (Abyss:2)
  3 fire dragons (Elf:3)
  A deep elf high priest (Elf:1)
  A rakshasa (Abyss:2)
  9 hydras
  7 centaur warriors
  2 death knights
  33 dancing weapons
  9 two-headed ogres
  A tengu warrior (D:13)
  4 orc high priests
  6 thrashing horrors (Abyss:2)
  2 wretched stars (Abyss:2)
  A sixfirhy (Abyss:2)
  22 deep elf knights
  3 unseen horrors
  2 spatial maelstroms (Abyss:2)
  A glowing orange brain (Abyss:2)
  20 deep elf archers
  2 harpies (Elf:3)
  An oklob plant (Orc:1)
  58 deep elf magi
  5 orc knights
  8 ugly things
  2 cyclopes
  5 orc sorcerers
  5 large abominations (Abyss:2)
  A salamander (D:15)
  2 worldbinders (Abyss:2)
  A centaur zombie (D:15)
  4 manticores
  An apocalypse crab (Abyss:2)
  5 smoke demons (Abyss:2)
  An ice statue (Elf:2)
  2 orange demons (Abyss:2)
  2 freezing wraiths
  A guardian mummy (D:15)
  2 efreet
  7 trolls
  5 ancient zymes (Abyss:2)
  3 polar bears
  A wind drake (shapeshifter) (D:15)
  2 slime creatures (D:15)
  A hornet (D:11)
  A raiju (shapeshifter) (Elf:1)
  5 hippogriffs
  10 small abominations (Abyss:2)
  4 air elementals
  3 shadows
  7 starcursed masses (Abyss:2)
  5 wyverns
  Sigmund (D:3)
  6 wraiths
  4 hogs (D:7)
  4 water elementals
  A human (D:7)
  2 ynoxinuls (Abyss:2)
  14 yaks
  4 fire elementals
  6 vampire mosquitoes
  2 hungry ghosts
  2 chaos spawn
  4 insubstantial wisps (Abyss:2)
  An acid dragon (D:15)
  2 wargs (Orc:2)
  3 hell hounds
  A floating eye (shapeshifter) (D:15)
  41 orc warriors
  2 water moccasins
  4 ice beasts
  2 necrophages
  4 eyes of draining
  4 sky beasts
  A hornet zombie (D:5)
  11 ogres
  3 phantoms
  28 centaurs
  2 crocodiles
  4 big kobolds
  9 bullfrogs
  A wyvern zombie (D:11)
  4 earth elementals
  3 scorpions
  10 killer bees
  7 wights
  3 electric eels
  7 crimson imps
  A quasit (D:9)
  2 bullfrog zombies
  5 hounds
  5 jellies
  29 orc priests
  6 centaur skeletons
  32 orc wizards
  Natasha (thrice) (D:3)
  6 iguanas
  7 worker ants
  3 hound skeletons
  2 hound zombies
  A worker ant zombie (D:8)
  A howler monkey skeleton (D:11)
  8 gnolls
  19 adders
  5 shadow imps
  2 white imps
  2 ufetubi (Abyss:2)
  An ooze (D:4)
  2 worms (D:2)
  4 dart slugs
  7 leopard geckos
  127 orcs
  5 giant cockroaches
  8 goblins
  9 hobgoblins
  16 jackals
  42 kobolds
  5 quokkas
  A ball python (D:4)
  5 bats
  4 frilled lizards
  A quokka skeleton (D:8)
  10 rats
  5 plants
  2 starspawn tentacles (Abyss:2)
914 creatures vanquished.

Vanquished Creatures (others)
  2 deep elf knights
  An orc priest (Elf:1)
  A fungus (Lair:1)
  4 starspawn tentacles (Abyss:2)
8 creatures vanquished.

Grand Total: 922 creatures vanquished

Notes
Turn   | Place    | Note
-------+----------+-------------------------------------------
     0 | D:1      | Pisosu the Minotaur Berserker began the quest for the Orb.
     0 | D:1      | Reached XP level 1. HP: 19/19 MP: 0/0
    45 | D:1      | Reached XP level 2. HP: 27/27 MP: 1/1
    48 | D:1      | Reached skill level 4 in Axes
   527 | D:1      | Reached XP level 3. HP: 33/33 MP: 2/2
  1006 | D:2      | Reached ** piety under Trog
  1372 | D:2      | Reached skill level 5 in Axes
  1372 | D:2      | Reached XP level 4. HP: 32/41 MP: 3/3
  1505 | D:2      | Reached skill level 5 in Fighting
  1684 | D:2      | Reached XP level 5. HP: 41/48 MP: 4/4
  2088 | D:3      | Noticed Sigmund
  2104 | D:3      | Killed Sigmund
  2104 | D:3      | Reached skill level 6 in Axes
  2104 | D:3      | Reached XP level 6. HP: 57/57 MP: 5/5
  2180 | D:3      | Noticed Natasha
  2187 | D:3      | Killed Natasha
  2324 | D:3      | Noticed Natasha
  2333 | D:3      | Killed Natasha
  2467 | D:3      | Noticed Natasha
  2482 | D:3      | Killed Natasha
  3385 | D:4      | Reached skill level 7 in Axes
  3434 | D:4      | Reached *** piety under Trog
  3929 | D:5      | Entered Level 5 of the Dungeon
  3947 | D:5      | Reached XP level 7. HP: 62/64 MP: 6/6
  4179 | D:5      | Reached skill level 8 in Axes
  4470 | D:5      | Noticed Prince Ribbit
  4683 | D:6      | Reached XP level 8. HP: 21/73 MP: 7/7
  4689 | D:6      | Reached skill level 9 in Axes
  5054 | D:6      | Reached skill level 5 in Armour
  5118 | D:6      | Found a bloodstained altar of Trog.
  5120 | D:6      | Found a blossoming altar of Fedhas.
  5520 | D:6      | Reached **** piety under Trog
  6054 | D:7      | Found a staircase to the Ecumenical Temple.
  6082 | D:7      | Reached skill level 10 in Axes
  6523 | D:7      | Reached XP level 9. HP: 81/82 MP: 8/8
  6527 | D:7      | Reached skill level 11 in Axes
  6809 | D:8      | Reached ***** piety under Trog
  6812 | D:8      | Received a gift from Trog
  6820 | D:8      | Reached skill level 12 in Axes
  7181 | D:8      | Found a staircase to the Lair.
  7391 | Lair:1   | Entered Level 1 of the Lair of Beasts
  7521 | Lair:1   | Noticed a polar bear
  7522 | Lair:1   | Noticed a polar bear
  7522 | Lair:1   | Noticed a polar bear
  7538 | D:8      | Killed a polar bear
  7547 | D:8      | Killed a polar bear
  7548 | D:8      | Reached skill level 10 in Fighting
  7548 | D:8      | Reached XP level 10. HP: 19/93 MP: 9/9
  7938 | D:8      | Reached skill level 13 in Axes
  8119 | Lair:1   | Noticed a five-headed hydra
  8302 | D:9      | Found a flagged portal.
  8395 | D:9      | Found a runed door.
  8486 | D:9      | Found a stormy altar of Qazlal.
  8767 | D:9      | Reached skill level 14 in Axes
  8973 | D:10     | Entered Level 10 of the Dungeon
  9342 | D:10     | Reached XP level 11. HP: 67/102 MP: 10/10
 10424 | D:10     | Found a roughly hewn altar of Beogh.
 10485 | D:10     | Found a staircase to the Orcish Mines.
 10579 | D:10     | Reached ****** piety under Trog
 10739 | D:11     | Noticed a cyan ugly thing
 10742 | D:11     | Received a gift from Trog
 10752 | D:11     | Reached skill level 15 in Axes
 10754 | D:11     | Killed a cyan ugly thing
 10888 | D:11     | Killed an unseen horror
 11397 | D:11     | Noticed a two-headed ogre
 11402 | D:11     | Killed a two-headed ogre
 11402 | D:11     | Reached skill level 10 in Armour
 11414 | D:11     | Killed an unseen horror
 11972 | D:12     | Reached skill level 16 in Axes
 11988 | D:12     | Noticed a two-headed ogre
 11999 | D:12     | Killed a two-headed ogre
 12327 | D:12     | Noticed a two-headed ogre
 12337 | D:12     | Killed a two-headed ogre
 12337 | D:12     | Reached XP level 12. HP: 68/113 MP: 3/11
 12793 | D:12     | Received a gift from Trog
 12901 | D:13     | Noticed a centaur warrior
 12902 | D:13     | Noticed a two-headed ogre
 12910 | D:12     | Killed a two-headed ogre
 12981 | D:13     | Noticed a centaur warrior
 12985 | D:13     | Killed a centaur warrior
 12988 | D:13     | Killed a centaur warrior
 12988 | D:13     | Reached skill level 17 in Axes
 13007 | D:13     | Noticed a tengu warrior
 13141 | D:13     | Killed a tengu warrior
 13560 | D:13     | Found a flickering gateway to a bazaar.
 13567 | Bazaar   | Entered a bazaar
 13569 | Bazaar   | Found Bonee's Antique Weapon Boutique.
 13573 | Bazaar   | Found Dexkiery's Gadget Boutique.
 13573 | Bazaar   | Found Liatsutin's Antique Weapon Boutique.
 13573 | Bazaar   | Found Qefaum's Magic Scroll Boutique.
 13614 | Bazaar   | Bought a transparent flail for 144 gold pieces
 13622 | Bazaar   | Bought a polished war axe for 178 gold pieces
 13630 | Bazaar   | Bought a scroll of enchant weapon for 112 gold pieces
 13630 | Bazaar   | Bought a scroll of identify for 30 gold pieces
 13630 | Bazaar   | Bought a scroll of identify for 30 gold pieces
 13630 | Bazaar   | Bought a scroll of identify for 30 gold pieces
 13630 | Bazaar   | Bought a scroll of enchant weapon for 112 gold pieces
 13630 | Bazaar   | Bought a scroll of identify for 30 gold pieces
 13642 | Bazaar   | Identified the +5 war axe of Triumph {holy, Str+6} (You bought it in a shop in a bazaar)
 13643 | Bazaar   | Identified the +7 flail of Radicalism {pain, rF+} (You bought it in a shop in a bazaar)
 13715 | D:13     | Found Onaujim's Jewellery Shoppe.
 13760 | D:13     | Noticed a centaur warrior
 13767 | D:13     | Killed a centaur warrior
 13791 | D:13     | Noticed a centaur warrior
 13798 | D:13     | Killed a centaur warrior
 13815 | D:13     | Found Mos Roim's Book Shoppe.
 13833 | D:13     | Noticed a two-headed ogre
 13841 | D:13     | Killed a two-headed ogre
 13841 | D:13     | Noticed a spark wasp
 13858 | D:13     | Killed a spark wasp
 13858 | D:13     | Reached skill level 18 in Axes
 13896 | D:13     | Found a deep blue altar of Sif Muna.
 13903 | D:13     | Found Izasav's Assorted Antiques.
 13911 | D:13     | Bought a scroll of teleportation for 81 gold pieces
 13911 | D:13     | Bought a metallic dark potion for 24 gold pieces
 13933 | D:13     | Noticed a two-headed ogre
 13936 | D:13     | Killed a two-headed ogre
 14059 | D:13     | Reached XP level 13. HP: 109/123 MP: 4/12
 14583 | D:14     | Reached skill level 1 in Maces & Flails
 14605 | D:14     | Noticed Josephine
 15008 | D:14     | Received a gift from Trog
 15265 | D:14     | Found a gate to the Vaults.
 15843 | D:15     | Entered Level 15 of the Dungeon
 15857 | D:15     | Found Gaakhal's Food Shoppe.
 15866 | D:15     | Found Togoext's General Store.
 15866 | D:15     | Found Haufricw's Jewellery Shoppe.
 15867 | D:15     | Found Isuesax's General Store.
 15897 | D:15     | Reached skill level 19 in Axes
 16089 | D:15     | Bought a scroll of teleportation for 57 gold pieces
 16097 | D:15     | Bought a potion of curing for 42 gold pieces
 16493 | D:15     | Found a staircase to the Depths.
 16498 | Depths:1 | Entered Level 1 of the Depths
 16498 | Depths:1 | Noticed a fire dragon
 17116 | D:15     | Received a gift from Trog
 17460 | D:15     | Found a portal to a secret trove of treasure.
 17716 | Orc:1    | Entered Level 1 of the Orcish Mines
 17750 | Orc:1    | Found Anirphe's Weapon Shop.
 17776 | Orc:1    | Reached skill level 15 in Fighting
 17846 | Orc:1    | Noticed a stone giant
 18069 | Orc:1    | Killed a stone giant
 18069 | Orc:1    | Reached XP level 14. HP: 96/135 MP: 4/13
 18681 | Orc:2    | Entered Level 2 of the Orcish Mines
 18681 | Orc:2    | Found a staircase to the Elven Halls.
 18681 | Orc:2    | Noticed a stone giant
 18692 | Orc:1    | Killed a stone giant
 19771 | Orc:2    | Reached skill level 20 in Axes
 19778 | Orc:2    | Received a gift from Trog
 20159 | Orc:2    | Noticed an orc warlord
 20184 | Orc:2    | Killed an orc warlord
 21203 | Orc:2    | Found Niyfrouz's Antique Armour Emporium.
 21204 | Orc:2    | Found Haeres's Antique Weapon Shoppe.
 21205 | Orc:2    | Found Niesyhit's General Store.
 21205 | Orc:2    | Found Usys's Jewellery Emporium.
 21209 | Orc:2    | Bought a scroll of identify for 20 gold pieces
 21221 | Orc:2    | Bought a pair of embroidered boots for 217 gold pieces
 21237 | Orc:2    | Bought the ring of Cuipao {+Fly EV+3 Str+4} for 462 gold pieces
 21382 | Elf:1    | Entered Level 1 of the Elven Halls
 21502 | Elf:1    | Found a flickering gateway to a bazaar.
 21902 | Elf:1    | Received a gift from Trog
 22267 | Elf:1    | HP: 5/138 [deep elf mage/bolt of lightning (20)]
 22853 | Elf:1    | Reached XP level 15. HP: 119/145 MP: 4/14
 23131 | Elf:1    | Gained mutation: You occasionally shout uncontrollably at your foes. [a neqoxec]
 23134 | Elf:1    | Gained mutation: Your body sometimes deteriorates upon taking damage. [a neqoxec]
 23181 | Elf:1    | Cast into level 3 of the Abyss (a deep elf demonologist)
 23184 | Elf:1    | Escaped the Abyss
 23199 | Elf:1    | Received a gift from Trog
 23476 | Elf:1    | Reached skill level 15 in Armour
 23486 | Elf:1    | Reached skill level 21 in Axes
 24187 | Elf:1    | Noticed a Brimstone Fiend
 24641 | Elf:2    | Received a gift from Trog
 24696 | Elf:3    | Entered Level 3 of the Elven Halls
 24829 | Elf:2    | Found a huge runed gate.
 24829 | Elf:2    | Found a huge runed gate.
 24829 | Elf:2    | Found a huge runed gate.
 24829 | Elf:2    | Found a huge runed gate.
 24831 | Elf:2    | Found a huge runed gate.
 25082 | Elf:2    | Found Noozar's Jewellery Emporium.
 25083 | Elf:2    | Found Feli's Gadget Shop.
 25084 | Elf:2    | Found Vexod's Jewellery Emporium.
 25613 | Elf:2    | Found a runed door.
 25615 | Elf:2    | Noticed Icoamn's ghost (journeyman MiBe)
 25785 | Elf:2    | Killed Icoamn's ghost
 25785 | Elf:2    | Reached XP level 16. HP: 149/157 MP: 0/15
 25909 | Elf:2    | Received a gift from Trog
 26451 | Elf:2    | Noticed a deep elf blademaster
 26530 | Elf:2    | Killed a deep elf blademaster
 26592 | Elf:2    | Reached skill level 22 in Axes
 27578 | Elf:3    | Noticed a deep elf blademaster
 27594 | Elf:3    | Killed a deep elf blademaster
 27616 | Elf:3    | Noticed a deep elf master archer
 27668 | Elf:3    | Killed a deep elf master archer
 27701 | Elf:3    | Noticed a sphinx
 27721 | Elf:3    | Killed a sphinx
 27721 | Elf:3    | Received a gift from Trog
 27803 | Elf:3    | Reached XP level 17. HP: 80/168 MP: 5/16
 27889 | Elf:3    | Cast into level 2 of the Abyss (a deep elf demonologist)
 27889 | Abyss:2  | Found a corrupted altar of Lugonu.
 27985 | Abyss:2  | Paralysed by accursed screaming for 1 turns
 28285 | Abyss:2  | Noticed an ancient lich
 28304 | Abyss:2  | Killed an ancient lich
 28614 | Abyss:2  | Found a corrupted altar of Lugonu.
 28877 | Abyss:2  | Received a gift from Trog
 28919 | Abyss:2  | Paralysed by accursed screaming for 1 turns
 28934 | Abyss:2  | Noticed a hellephant
 29048 | Abyss:2  | Killed from afar by a hellion

Skill      XL: |  1  2  3  4  5  6  7  8  9 10 11 12 13 14 15 16 17 |
---------------+----------------------------------------------------+-----
Fighting       | 4 5 6 7 8 10 11 12 13 15 16 18 19 20 | 20.4
Axes           | 4 5 6 7 8 10 12 14 16 18 19 20 21 22 | 22.9
Armour         | 3 4 6 7 9 10 11 13 14 16 17 18 | 18.1
Maces & Flails | 2 |  2.8
Dodging        | |  2.1

Action                   |  1- 3 |  4- 6 |  7- 9 | 10-12 | 13-15 | 16-18 || total
-------------------------+-------+-------+-------+-------+-------+-------++-------
Melee: Hand axe          |    71 |   134 |    70 |       |       |       ||   275
       Headbutt          |    15 |    20 |    44 |   121 |   168 |   101 ||   469
       War axe           |       |       |   168 |   306 |       |       ||   474
       Battleaxe         |       |       |       |   260 |   798 |   338 ||  1396
       Flail             |       |       |       |     4 |    18 |    50 ||    72
Throw: Tomahawk          |       |     4 |       |    14 |   117 |    25 ||   160
       Javelin           |       |       |     4 |    10 |       |       ||    14
Invok: Berserk           |       |     1 |     4 |     6 |     5 |     1 ||    17
       Trog's Hand       |       |       |       |       |     5 |    11 ||    16
Evoke: Wand              |       |       |       |       |     1 |       ||     1
  Use: Scroll            |       |       |     8 |    17 |    15 |     3 ||    43
       Potion            |       |       |       |     1 |     8 |    11 ||    20
 Stab: Sleeping          |       |     1 |       |       |       |       ||     1
  Eat: Chunk             |     1 |     9 |    11 |    19 |    23 |    10 ||    73
       Ration            |       |       |     2 |     2 |     6 |     2 ||    12
Armor: Animal skin       |    14 |     7 |       |       |       |       ||    21
       Ring mail         |       |    13 |    83 |       |       |       ||    96
       Plate armour      |       |       |    28 |   490 |   536 |   317 ||  1371
       Acid dragon scale |       |       |       |       |     1 |       ||     1
Dodge: Dodged            |    53 |    71 |   131 |   193 |   296 |   215 ||   959
